[Event "Titled Tuesday Blitz March 07 Early 2023"]
[White "Leve, Nitai"]
[Black "UNSTOPPABLE_LEGEND"]
[WhiteFideId "2006898"]
[WhiteElo "2144"]
[BlackElo "2494"]
[Result "1-0"]
[Round "08"]
[TimeControl "180+2"]
[Date "2023.03.07"]
[WhiteClock "0:00:28"]
[BlackClock "0:00:17"]

1. e4 c5 2. Nf3 d6 3. d4 cxd4 4. Qxd4 Nf6 5. Bg5 Nc6 6. Bb5 Qa5+ 7. Nc3 Qxb5 8. Nxb5 Nxd4 9. Nfxd4 Nxe4 10. Nc7+ Kd8 11. Nxa8 Nxg5 12. Nb5 a6 13. Nc3 b5 14. Nb6 Bb7 15. a4 b4 16. Ncd5 a5 17. Ne3 g6 18. Nbc4 Bg7 19. O-O-O Ne4 20. Nxa5 Ba6 21. Nc6+ Kd7 22. Nxb4 Rb8 23. c3 Bb7 24. Rhf1 e6 25. f3 Nc5 26. a5 Nb3+ 27. Kc2 Nxa5 28. Ra1 Nc6 29. Nxc6 Kxc6 30. Nc4 Kc7 31. Ra7 d5 32. Na5 Kb6 33. Rxb7+ Rxb7 34. Nxb7 Kxb7 35. b4 Kb6 36. Kb3 e5 37. Ra1 f5 38. Ra8 e4 39. fxe4 dxe4 40. Re8 g5 41. c4 h5 42. Re6+ Kc7 43. Re7+ Kd6 44. Rxg7 Ke5 45. Kc3 g4 46. b5 f4 47. b6 f3 48. b7 fxg2 49. b8=Q+ Kf5 50. Qf8+ Ke5 1-0


[Site "https://www.chess.com"]

[Event "Titled Tuesday Blitz March 07 Early 2023"]
[White "Berkes, Ferenc"]
[Black "Szyszylo, Rafal"]
[WhiteFideId "718572"]
[BlackFideId "1109626"]
[WhiteElo "2664"]
[BlackElo "1951"]
[Result "1/2-1/2"]
[Round "08"]
[TimeControl "180+2"]
[Date "2023.03.07"]
[WhiteClock "0:00:07"]
[BlackClock "0:00:06"]

1. e4 g6 2. d4 d6 3. Nc3 Nf6 4. h4 h5 5. f3 Bg7 6. Be3 Nbd7 7. Qd2 c5 8. Nh3 Qa5 9. Ng5 O-O 10. Be2 a6 11. O-O b5 12. dxc5 Nxc5 13. Nd5 Qxd2 14. Nxe7+ Kh8 15. Bxd2 Bb7 16. Bf4 Rad8 17. Rad1 d5 18. Bc7 Rd7 19. Nxf7+ Rxf7 20. Nxg6+ Kh7 21. Ne5 Rxc7 22. Nxf7 Rxf7 23. e5 Nfd7 24. f4 Re7 25. Bxh5 Ne4 26. Bf3 Ndc5 27. b4 Na4 28. Rd3 Nac3 29. g4 Rc7 30. g5 Kg6 31. h5+ Kf5 32. Bg2 Nxg5 33. fxg5+ Kxg5 34. Rg3+ Kxh5 35. Bf3+ Kh6 36. Kg2 Kh7 37. Rh1+ Kg8 38. Bg4 d4+ 39. Bf3 Bxf3+ 40. Kxf3 Rf7+ 41. Kg2 Kf8 42. e6 Re7 43. Rf1+ Ke8 44. Rg6 Nd5 45. Kg3 Ne3 46. Rh1 Kd8 47. Kf4 Kc7 48. Ke4 Kd6 49. Rh7 Bf8 50. Rf7 Rxf7 51. exf7+ Ke7 52. Rxa6 Nxc2 53. Ra7+ Ke6 54. a3 Bg7 55. Kd3 Ne3 56. Rb7 Nc4 57. f8=Q Bxf8 58. Rxb5 Nxa3 59. Rh5 Bxb4 60. Kxd4 Bd6 61. Rh6+ Ke7 62. Rxd6 Kxd6 1/2-1/2


[Site "https://www.chess.com"]

[Event "Titled Tuesday Blitz March 07 Early 2023"]
[White "Tarasova, Viktoriya"]
[Black "Estrada Nieto, Julian"]
[WhiteFideId "4175840"]
[BlackFideId "5101018"]
[WhiteElo "2182"]
[BlackElo "2176"]
[Result "0-1"]
[Round "08"]
[TimeControl "180+2"]
[Date "2023.03.07"]
[WhiteClock "0:00:10"]
[BlackClock "0:02:01"]

1. d4 d5 2. c4 dxc4 3. e4 e5 4. Nf3 exd4 5. Bxc4 Nc6 6. Nbd2 Be6 7. Bb5 Bc5 8. a3 Bb6 9. b4 Ne7 10. Nb3 O-O 11. Bb2 a6 12. Be2 Ng6 13. Nbxd4 Nxd4 14. Nxd4 Nf4 15. Nxe6 fxe6 16. O-O Qxd1 17. Bxd1 Nd3 18. Bc3 Nxf2 0-1


[Site "https://www.chess.com"]

[Event "Titled Tuesday Blitz March 07 Early 2023"]
[White "Prudnykova, Olga"]
[Black "Kalajzic, Ivan"]
[WhiteFideId "14121093"]
[BlackFideId "14506378"]
[WhiteElo "2113"]
[BlackElo "2203"]
[Result "0-1"]
[Round "08"]
[TimeControl "180+2"]
[Date "2023.03.07"]
[WhiteClock "0:00:08"]
[BlackClock "0:00:10"]

1. e4 Nc6 2. d4 d5 3. e5 f6 4. exf6 Nxf6 5. Bd3 e5 6. dxe5 Nxe5 7. Be2 Bd6 8. Nf3 Nxf3+ 9. Bxf3 c6 10. O-O O-O 11. Nd2 Bf5 12. Re1 Qc7 13. h3 Rf7 14. c4 d4 15. Nf1 c5 16. Bg5 Raf8 17. a3 b6 18. Rc1 Bf4 19. Bxf4 Qxf4 20. Qd2 Qd6 21. Qg5 Bd7 22. b4 Bc6 23. bxc5 bxc5 24. Nh2 h6 25. Qh4 d3 26. Rcd1 Rd7 27. Re3 Bxf3 28. Nxf3 Qa6 29. Rdxd3 Rxd3 30. Rxd3 Re8 31. g3 Ne4 32. Qh5 Nf6 33. Qh4 Ne4 34. Qh5 Qe6 35. Re3 Qc6 36. Nd2 Nf6 37. Rxe8+ Nxe8 38. Qe5 Nf6 39. Nb3 Nd7 40. Qd5+ Qxd5 41. cxd5 Kf7 42. Kf1 Ke7 43. Ke2 Kd6 44. Kd3 Kxd5 45. Nd2 Ne5+ 46. Kc3 g5 47. f4 gxf4 48. gxf4 Ng6 49. f5 Ne7 50. f6 Ng6 51. f7 Ke6 52. Kc4 Kxf7 53. Kxc5 Nf4 54. h4 Ng2 55. Nf3 Kf6 56. Kc6 Kf5 57. Kb7 Kf4 58. Nd2 Nxh4 59. Kxa7 Nf3 60. Nf1 Nd4 61. a4 Nb3 62. Kb6 Kf3 63. Nd2+ Nxd2 64. a5 Nc4+ 65. Kb5 Nxa5 66. Kxa5 h5 0-1


[Site "https://www.chess.com"]

[Event "Titled Tuesday Blitz March 07 Early 2023"]
[White "Tyagi, Kushan"]
[Black "Womacka, Mathias"]
[WhiteFideId "2040069"]
[BlackFideId "4611390"]
[WhiteElo "2358"]
[BlackElo "2377"]
[Result "1-0"]
[Round "08"]
[TimeControl "180+2"]
[Date "2023.03.07"]
[WhiteClock "0:00:06"]
[BlackClock "0:00:08"]

1. d4 Nf6 2. c4 e6 3. g3 c5 4. d5 exd5 5. cxd5 d6 6. Nc3 g6 7. Nf3 Bg7 8. Bg2 O-O 9. O-O Nbd7 10. Nd2 Ne8 11. a4 f5 12. Nc4 Ne5 13. Na3 Bd7 14. h3 Rb8 15. Kh2 a6 16. f4 Nf7 17. e4 b5 18. axb5 axb5 19. Nc2 b4 20. Nb1 fxe4 21. Bxe4 Nf6 22. Bg2 Re8 23. Nd2 Bb5 24. Re1 Qd7 25. Ne3 Nh6 26. Ndc4 Nf5 27. Nxf5 gxf5 28. Ne3 Ne4 29. Qc2 b3 30. Qb1 Nf2 31. Bd2 Bd3 32. Qc1 Be4 33. Bf1 Nd3 34. Bxd3 Bxd3 35. Bc3 Bd4 36. Qd2 Bxe3 37. Rxe3 Rxe3 38. Qxe3 Be4 39. Rd1 Re8 40. Re1 Kf7 41. Qe2 Kg6 42. Qf2 Bxd5 43. Rxe8 Qxe8 44. Qd2 Qe4 45. g4 Qh1+ 46. Kg3 Qg1+ 47. Kh4 fxg4 48. hxg4 Bf7 49. f5# 1-0


[Site "https://www.chess.com"]

[Event "Titled Tuesday Blitz March 07 Early 2023"]
[White "Balla, Tamas-Kristof"]
[Black "Vaglio Munoz, Jaime"]
[WhiteFideId "1208497"]
[BlackFideId "6500145"]
[WhiteElo "2334"]
[BlackElo "2199"]
[Result "0-1"]
[Round "08"]
[TimeControl "180+2"]
[Date "2023.03.07"]
[WhiteClock "0:00:03"]
[BlackClock "0:00:32"]

1. e4 d6 2. d4 Nf6 3. Nc3 e5 4. Nf3 Nbd7 5. Bc4 Be7 6. a4 O-O 7. O-O exd4 8. Nxd4 Ne5 9. Bb3 Nc6 10. Be3 Re8 11. f3 Bf8 12. Qd2 Nd7 13. Rad1 Nxd4 14. Bxd4 Ne5 15. Qf4 Be6 16. Bxe5 Bxb3 17. Bxg7 Bxc2 18. Bxf8 Rxf8 19. Rd5 f6 20. Rh5 Bb3 21. Qg4+ Kh8 22. Ne2 Rg8 23. Qh4 Rg7 24. Nf4 Kg8 25. Rd1 Qe7 26. Rd3 Bf7 27. Rh6 Bg6 28. Nd5 Qe5 29. Nxf6+ Kf7 30. Nd5 Qxb2 31. Qe7+ Kg8 32. Nf6+ Kh8 33. Qe6 Bxe4 34. Qxe4 Qxg2# 0-1


[Site "https://www.chess.com"]

[Event "Titled Tuesday Blitz March 07 Early 2023"]
[White "Khamdamova, Afruza"]
[Black "MrAnnihilation"]
[WhiteFideId "14210444"]
[WhiteElo "2210"]
[BlackElo "2354"]
[Result "1-0"]
[Round "08"]
[TimeControl "180+2"]
[Date "2023.03.07"]
[WhiteClock "0:00:56"]
[BlackClock "0:00:24"]

1. c4 c5 2. Nc3 g6 3. Nf3 Bg7 4. g3 Nc6 5. Bg2 Rb8 6. O-O a6 7. e3 b5 8. cxb5 axb5 9. d4 b4 10. Ne4 cxd4 11. Nxd4 Nxd4 12. exd4 Nf6 13. h4 Nxe4 14. Bxe4 O-O 15. h5 d5 16. Bb1 Bh3 17. Re1 Qd7 18. h6 Bf6 19. Bf4 Rb6 20. Bc2 Rc8 21. Rc1 Bg4 22. Qd2 Bf3 23. Qe3 Qg4 24. Bf5 Qxf5 25. Rxc8+ Qxc8 26. Qxf3 Qd7 27. Be5 Bxe5 28. Rxe5 e6 29. Qf6 1-0


[Site "https://www.chess.com"]

[Event "Titled Tuesday Blitz March 07 Early 2023"]
[White "Matveeva, Olga"]
[Black "Manukian, Artak"]
[WhiteFideId "24107018"]
[BlackFideId "13301373"]
[WhiteElo "2056"]
[BlackElo "2130"]
[Result "1-0"]
[Round "08"]
[TimeControl "180+2"]
[Date "2023.03.07"]
[WhiteClock "0:00:08"]
[BlackClock "0:00:01"]

1. d4 d5 2. c4 dxc4 3. Nf3 Nf6 4. e3 e6 5. Bxc4 c5 6. O-O a6 7. dxc5 Bxc5 8. Qxd8+ Kxd8 9. a3 Ke7 10. b4 Bd6 11. Bb2 Bd7 12. Rd1 Rc8 13. Nbd2 Ba4 14. Bb3 Bxb3 15. Nxb3 Nc6 16. Rac1 Ne8 17. Nc5 Bxc5 18. Rxc5 Na7 19. Bd4 Nb5 20. Rxc8 Rxc8 21. Bc5+ Kf6 22. a4 Nc3 23. Rd7 Nxa4 24. Bd4+ Kg6 25. Ne5+ Kh5 26. g4+ Kh4 27. Rxf7 Rc7 28. Rf8 Nd6 29. Kg2 Nc4 30. h3 Nxe5 31. Bxe5 Rd7 32. Rg8 h5 33. Rh8 Kg5 34. Rxh5+ Kg6 35. Rh8 Nb6 36. h4 Nc4 37. h5+ Kf7 38. Bd4 e5 39. Bc3 b6 40. Ra8 a5 41. bxa5 bxa5 42. Bxa5 Rd5 43. Bc3 Rd3 44. Bb4 Rb3 45. Ra7+ Ke6 46. Bc5 Kd5 47. Bf8 Rb2 48. Kg3 Nd2 49. Ra5+ 1-0


[Site "https://www.chess.com"]

[Event "Titled Tuesday Blitz March 07 Early 2023"]
[White "Rostomyan, Mikayel"]
[Black "Abdilkhair, Abilmansur"]
[WhiteFideId "13313754"]
[BlackFideId "13716417"]
[WhiteElo "2009"]
[BlackElo "2216"]
[Result "0-1"]
[Round "08"]
[TimeControl "180+2"]
[Date "2023.03.07"]
[WhiteClock "0:00:01"]
[BlackClock "0:00:54"]

1. e4 e5 2. Nf3 Nc6 3. Bb5 a6 4. Ba4 Nf6 5. d3 b5 6. Bb3 Be7 7. O-O O-O 8. c3 d6 9. a4 b4 10. a5 Bg4 11. h3 Bh5 12. g4 Bg6 13. g5 Nh5 14. Bd5 Qd7 15. Qa4 Qxh3 16. Nh2 Nd8 17. Bxa8 Ne6 18. Qd1 Rxa8 19. Qg4 Qxd3 20. Rd1 Qxe4 21. Qxe4 Bxe4 22. cxb4 Bxg5 23. Nc3 Bc2 24. Re1 Nhf4 25. Bxf4 Bxf4 26. Nd5 Bb3 27. Nxf4 Nxf4 28. Ra3 Bd5 29. Rc3 c6 30. Ng4 Rb8 31. Ne3 Bf3 32. Kh2 Ne2 33. Rd3 Rxb4 34. Kh3 g5 0-1


[Site "https://www.chess.com"]

[Event "Titled Tuesday Blitz March 07 Early 2023"]
[White "Dwilewicz, Katarzyna"]
[Black "Rottenwohrer Suarez, Juan"]
[WhiteFideId "1148486"]
[BlackFideId "32068182"]
[WhiteElo "2065"]
[BlackElo "2174"]
[Result "0-1"]
[Round "08"]
[TimeControl "180+2"]
[Date "2023.03.07"]
[WhiteClock "0:00:02"]
[BlackClock "0:00:03"]

1. e4 c5 2. Nf3 g6 3. c3 d5 4. exd5 Qxd5 5. d4 Bg7 6. Be2 Nf6 7. O-O cxd4 8. cxd4 O-O 9. Nc3 Qa5 10. Bd2 Nc6 11. Re1 Bg4 12. Be3 Rfd8 13. h3 Bf5 14. Bc4 h6 15. Qb3 e6 16. g4 Nxg4 17. hxg4 Bxg4 18. Nh2 Nxd4 19. Bxd4 Rxd4 20. Re4 Qg5 21. Kh1 Bf5 22. Rxd4 Bxd4 23. Rg1 Qf4 24. Ne2 Qxf2 25. Nxd4 Qxd4 26. Be2 Rd8 27. Qg3 Qxb2 28. Bg4 Be4+ 29. Bf3 Bxf3+ 30. Nxf3 Kg7 31. Nh4 Qf6 32. Nf3 Rd3 33. Kg2 b5 34. Rf1 a5 35. Rf2 b4 36. Qc7 Qc3 37. Qe5+ Qxe5 38. Nxe5 Ra3 39. Rxf7+ Kg8 40. Rf2 a4 41. Nxg6 b3 42. axb3 axb3 43. Ne5 Ra2 44. Nc4 Kg7 45. Kf3 Rxf2+ 46. Kxf2 Kf6 47. Kf3 Kf5 48. Ne3+ Ke5 49. Nc4+ Kd4 50. Nb2 h5 51. Kg3 Kc3 52. Na4+ Kc2 53. Kh4 e5 54. Kxh5 e4 55. Kg4 e3 56. Kf3 Kd2 57. Nb2 e2 58. Nc4+ Kd1 59. Nb2+ Kc2 60. Kxe2 Kxb2 61. Kd2 Ka2 62. Kc3 b2 0-1


[Site "https://www.chess.com"]

[Event "Titled Tuesday Blitz March 07 Early 2023"]
[White "Dishman, Stephen"]
[Black "Sreyas Payyappat"]
[WhiteFideId "403024"]
[BlackFideId "46674969"]
[WhiteElo "2204"]
[BlackElo "2083"]
[Result "0-1"]
[Round "08"]
[TimeControl "180+2"]
[Date "2023.03.07"]
[WhiteClock "0:00:43"]
[BlackClock "0:00:48"]

1. d4 Nf6 2. Bg5 d5 3. Nd2 c5 4. Bxf6 exf6 5. dxc5 Bxc5 6. e3 O-O 7. Nb3 Bb6 8. Nf3 Nc6 9. Be2 Bg4 10. O-O Ne5 11. Nfd4 Bxe2 12. Qxe2 Re8 13. c3 a5 14. a4 Nc4 15. Rad1 Re4 16. Nb5 Nxe3 17. fxe3 Rxe3 18. Qf2 Re2 19. N3d4 Rxf2 20. Rxf2 Qd7 21. Rfd2 Re8 22. h3 g6 23. Kh1 Re3 24. Rd3 Qe7 25. R3d2 Qe4 26. Nc2 Rxh3# 0-1


[Site "https://www.chess.com"]

[Event "Titled Tuesday Blitz March 07 Early 2023"]
[White "Szente Varga, Fruzsina"]
[Black "Pourkashiyan, Atousa"]
[WhiteFideId "712264"]
[BlackFideId "12502014"]
[WhiteElo "1994"]
[BlackElo "2228"]
[Result "1-0"]
[Round "08"]
[TimeControl "180+2"]
[Date "2023.03.07"]
[WhiteClock "0:00:42"]
[BlackClock "0:00:03"]

1. e4 c5 2. Nf3 e6 3. b3 a6 4. Bb2 Nc6 5. g3 d6 6. Bg2 e5 7. O-O Nf6 8. Re1 Be7 9. c3 O-O 10. d4 cxd4 11. cxd4 Bg4 12. dxe5 Bxf3 13. Qxf3 dxe5 14. Na3 Nd4 15. Bxd4 Qxd4 16. Nc4 Rfd8 17. Red1 Qc5 18. Rac1 Rxd1+ 19. Rxd1 Rd8 20. Rxd8+ Bxd8 21. Qd3 Bb6 22. Nxb6 Qxb6 23. Qc4 g6 24. Bh3 Kg7 25. Bc8 h5 26. a4 h4 27. Kg2 h3+ 28. Bxh3 Qd6 29. Bc8 Qe7 30. a5 Ne8 31. Bg4 Nd6 32. Qb4 Qc7 33. Be2 Qc6 34. Bf3 Nb5 35. Qe7 Qc3 36. Qxb7 Nd4 37. Bg4 Qxa5 38. h4 Qc3 39. Qd5 Qxb3 40. Qxe5+ Kh7 41. Qxd4 a5 42. Bd1 Qb5 43. Ba4 Qb7 44. Qd5 Qc7 45. Bb3 Kg7 46. Qd4+ Kh7 47. e5 Qb7+ 48. Qd5 Qc7 49. Qxf7+ Qxf7 50. Bxf7 Kg7 51. Bb3 Kf8 52. f4 Ke7 53. Kf3 1-0


[Site "https://www.chess.com"]

[Event "Titled Tuesday Blitz March 07 Early 2023"]
[White "Tagliati, Eleonore"]
[Black "Postnikov, Artem"]
[WhiteFideId "45172234"]
[BlackFideId "34153575"]
[WhiteElo "2238"]
[BlackElo "2243"]
[Result "0-1"]
[Round "08"]
[TimeControl "180+2"]
[Date "2023.03.07"]
[WhiteClock "0:00:02"]
[BlackClock "0:00:02"]

1. e4 e5 2. Nf3 Nc6 3. Bc4 Bc5 4. d3 Nf6 5. Bg5 h6 6. Bh4 g5 7. Bg3 d6 8. c3 Bg4 9. Qb3 Qd7 10. Qxb7 Rb8 11. Qa6 Bxf3 12. gxf3 Ne7 13. b4 Bb6 14. a4 c6 15. a5 Bd8 16. Nd2 O-O 17. h4 Ng6 18. hxg5 hxg5 19. Bb3 Kg7 20. Ba4 Rc8 21. Ke2 d5 22. Rag1 Be7 23. Rg2 Rh8 24. Rxh8 Kxh8 25. Rh2+ Kg7 26. c4 dxe4 27. fxe4 Bxb4 28. Nf3 Rd8 29. Bc2 Nf4+ 30. Bxf4 exf4 31. Rg2 g4 32. Ne5 Qe6 33. Nxg4 Nxg4 34. f3 f5 35. fxg4 fxg4 36. Qb7+ Rd7 37. Qc8 f3+ 38. Kf2 fxg2 39. Kxg2 Bf8 40. d4 Qf7 41. e5 Qf3+ 42. Kg1 Qg3+ 43. Kf1 Rf7+ 44. Ke2 Rf2+ 0-1


[Site "https://www.chess.com"]

[Event "Titled Tuesday Blitz March 07 Early 2023"]
[White "Bowden, Karl"]
[Black "Mohamed, Saeed Laily"]
[WhiteFideId "400548"]
[BlackFideId "9314946"]
[WhiteElo "2432"]
[BlackElo "1767"]
[Result "1-0"]
[Round "08"]
[TimeControl "180+2"]
[Date "2023.03.07"]
[WhiteClock "0:00:29"]
[BlackClock "0:00:04"]

1. e4 c6 2. c4 d5 3. cxd5 cxd5 4. exd5 Nf6 5. Bb5+ Bd7 6. Bc4 g6 7. Nc3 Bg7 8. Nge2 O-O 9. O-O Qa5 10. Qb3 Na6 11. d4 Rfc8 12. Bf4 Nc7 13. d6 Ne6 14. Be5 exd6 15. Bxd6 a6 16. a4 Qh5 17. Nf4 Nxf4 18. Bxf4 Be8 19. Rfe1 Rd8 20. Qxb7 Rac8 21. Ba2 Bc6 22. Qxf7+ Kh8 23. Re7 Ne8 24. Be5 Bxe5 25. Qf8# 1-0


[Site "https://www.chess.com"]

[Event "Titled Tuesday Blitz March 07 Early 2023"]
[White "Mikhalsky, Vladimir"]
[Black "Thomas, Anysia"]
[WhiteFideId "14144352"]
[BlackFideId "670472"]
[WhiteElo "2272"]
[BlackElo "2091"]
[Result "1-0"]
[Round "08"]
[TimeControl "180+2"]
[Date "2023.03.07"]
[WhiteClock "0:00:31"]
[BlackClock "0:00:13"]

1. c4 g6 2. d4 Nf6 3. f3 Nc6 4. e4 e5 5. d5 Nd4 6. Ne2 Nxe2 7. Bxe2 d6 8. Be3 Nh5 9. O-O f5 10. Nc3 Bg7 11. c5 Bd7 12. c6 bxc6 13. dxc6 Bxc6 14. Bc4 f4 15. Bf2 Qd7 16. Rc1 g5 17. Qb3 Kf8 18. Be6 Qe7 19. Bd5 Bxd5 20. Nxd5 Qe6 21. Qb7 Qc8 22. Rxc7 Qxb7 23. Rxb7 Nf6 24. Nc7 Re8 25. Nxe8 Nxe8 26. Rc1 Bf6 27. Rc8 Be7 28. Bxa7 h5 29. a4 Kf7 30. a5 Ke6 31. a6 g4 32. Bf2 gxf3 33. gxf3 Rg8+ 34. Kf1 Rg7 35. a7 1-0


[Site "https://www.chess.com"]

[Event "Titled Tuesday Blitz March 07 Early 2023"]
[White "Fikiet, Alex"]
[Black "Ruge, Edison"]
[WhiteFideId "2052717"]
[BlackFideId "4401000"]
[WhiteElo "2427"]
[BlackElo "2175"]
[Result "1/2-1/2"]
[Round "08"]
[TimeControl "180+2"]
[Date "2023.03.07"]
[WhiteClock "0:00:15"]
[BlackClock "0:00:01"]

1. e4 e5 2. Nf3 Nc6 3. Nc3 Be7 4. d4 d6 5. Bb5 exd4 6. Nxd4 Bd7 7. Bxc6 bxc6 8. O-O Nf6 9. Qf3 c5 10. Nf5 Bxf5 11. Qxf5 O-O 12. b3 Qd7 13. Qf3 Qg4 14. Qe3 Rfe8 15. h3 Qh4 16. Bb2 Nh5 17. Nd5 Bg5 18. Qf3 Rac8 19. Rfe1 c6 20. Nc3 Re6 21. Qg4 Rce8 22. Qxh4 Bxh4 23. g3 Bf6 24. Rad1 Bd4 25. Kg2 Nf6 26. f3 h5 27. Na4 Bxb2 28. Nxb2 d5 29. e5 Rxe5 30. Rxe5 Rxe5 31. Kf2 Nd7 32. Nd3 Re8 33. h4 g6 34. Nf4 Kg7 35. c4 d4 36. b4 Rb8 37. bxc5 Rb2+ 38. Kg1 Ne5 39. Rf1 Rxa2 40. Kh1 Rc2 41. Ra1 Rxc4 42. Rxa7 Nxf3 43. Kg2 Ne5 44. Kf2 Kf6 45. Ra5 Rc2+ 46. Ke1 Nf3+ 47. Kd1 d3 48. Ra3 Rxc5 49. Rxd3 Ne5 50. Rd6+ Kf5 51. Rd8 Kg4 52. Ne2 Rd5+ 53. Rxd5 cxd5 54. Kd2 d4 55. Nxd4 Kxg3 56. Ke3 Kxh4 57. Kf4 f6 58. Ne6 Nd3+ 59. Ke3 Nb4 60. Kf3 Nd5 61. Nf8 Kg5 62. Nh7+ Kf5 63. Nf8 g5 64. Kg3 h4+ 65. Kg2 g4 66. Nd7 Nf4+ 67. Kg1 h3 68. Nc5 g3 69. Nd7 Nh5 70. Nc5 Kf4 71. Ne6+ Kf3 72. Nd4+ Kf4 73. Ne2+ Kg4 74. Nd4 f5 75. Kh1 f4 76. Kg1 f3 77. Kf1 g2+ 78. Kg1 h2+ 79. Kxh2 Nf4 80. Nc2 Ne2 81. Ne3+ Kf4 82. Nxg2+ Ke4 83. Nh4 1/2-1/2


[Site "https://www.chess.com"]

[Event "Titled Tuesday Blitz March 07 Early 2023"]
[White "lisjakzlatko1"]
[Black "Avazkhonov, Alikhon"]
[BlackFideId "14208504"]
[WhiteElo "2192"]
[BlackElo "1739"]
[Result "0-1"]
[Round "08"]
[TimeControl "180+2"]
[Date "2023.03.07"]
[WhiteClock "0:00:25"]
[BlackClock "0:00:53"]

1. d4 Nf6 2. Nc3 d5 3. Bf4 a6 4. e3 Bf5 5. f3 e6 6. g3 Bd6 7. g4 Bg6 8. Nge2 h5 9. g5 Ng8 10. h4 Ne7 11. Qd2 Nbc6 12. a3 b5 13. Bxd6 Qxd6 14. Nf4 O-O 15. Bd3 e5 16. Nxg6 fxg6 17. O-O-O exd4 18. exd4 Nxd4 19. Nxd5 Nxd5 20. Be4 c5 21. c3 Nb3+ 0-1


[Site "https://www.chess.com"]

[Event "Titled Tuesday Blitz March 07 Early 2023"]
[White "Shevtchenko, Olesya"]
[Black "Samarth, J Rao"]
[WhiteFideId "24131890"]
[BlackFideId "46652370"]
[WhiteElo "2003"]
[BlackElo "1564"]
[Result "1-0"]
[Round "08"]
[TimeControl "180+2"]
[Date "2023.03.07"]
[WhiteClock "0:02:09"]
[BlackClock "0:00:35"]

1. e4 c5 2. Nf3 d6 3. d4 cxd4 4. Nxd4 Nf6 5. Nc3 a6 6. Nb3 e5 7. Bg5 Nbd7 8. Nd5 Be7 9. Nxe7 Qxe7 10. Qd3 h6 11. Bxf6 Nxf6 12. O-O-O O-O 13. f3 Rd8 14. c4 Be6 15. Kb1 Rac8 16. Rc1 b6 17. g4 a5 18. h4 a4 19. Nd2 b5 20. cxb5 Bxa2+ 21. Kxa2 Rxc1 22. g5 Qe6+ 23. Nc4 d5 24. gxf6 gxf6 25. Bh3 dxc4 26. Qxd8+ Qe8 27. Qxe8+ 1-0


[Site "https://www.chess.com"]

[Event "Titled Tuesday Blitz March 07 Early 2023"]
[White "Ardila, Oscar Humberto"]
[Black "Hoffmann, Asa"]
[WhiteFideId "4404742"]
[BlackFideId "2001470"]
[WhiteElo "1911"]
[BlackElo "2117"]
[Result "1/2-1/2"]
[Round "08"]
[TimeControl "180+2"]
[Date "2023.03.07"]
[WhiteClock "0:00:08"]
[BlackClock "0:00:07"]

1. d4 Nf6 2. c4 c5 3. dxc5 Na6 4. Nf3 Nxc5 5. e3 d6 6. Be2 g6 7. O-O Bg7 8. Nc3 O-O 9. Qc2 Bf5 10. Qd1 a6 11. Nd4 Bd7 12. Bf3 Rc8 13. b4 Ne6 14. Qb3 b6 15. Bb2 Ng5 16. Be2 e5 17. Nf3 Ne6 18. Rfd1 Qe7 19. Nd5 Nxd5 20. cxd5 Nc7 21. Rac1 Bb5 22. Bxb5 Nxb5 23. a4 Na7 24. e4 f5 25. Nd2 Bh6 26. Rxc8 Rxc8 27. Nc4 b5 28. axb5 Nxb5 29. exf5 gxf5 30. Na5 Rf8 31. Nc6 Qg5 32. Qh3 Bg7 33. Rd3 f4 34. Qe6+ Kh8 35. f3 Rg8 36. Rd2 Bf8 37. h3 Qg3 38. Re2 Qg6 39. Qd7 Qd3 40. Kf2 Rxg2+ 41. Kxg2 Qxe2+ 42. Kg1 Qxb2 43. Qf5 Qc1+ 44. Kh2 Qd2+ 45. Kg1 Qe3+ 46. Kg2 Qe2+ 47. Kg1 Kg8 48. Qe6+ Kg7 49. Qg4+ Kh6 50. Qh4+ Kg6 51. Qg4+ Kh6 52. Qh4+ Kg7 53. Qg5+ Kf7 54. Qf5+ Kg8 55. Qe6+ Kg7 56. Qg4+ Kh8 57. Qf5 Kg7 58. Qg4+ 1/2-1/2


[Site "https://www.chess.com"]

[Event "Titled Tuesday Blitz March 07 Early 2023"]
[White "Iskusnyh, Sergei"]
[Black "Alahakoon, Isuru"]
[WhiteFideId "4120027"]
[BlackFideId "9900993"]
[WhiteElo "2492"]
[BlackElo "1995"]
[Result "1-0"]
[Round "08"]
[TimeControl "180+2"]
[Date "2023.03.07"]
[WhiteClock "0:00:38"]
[BlackClock "0:00:01"]

1. d4 d5 2. c4 e6 3. Nf3 Nf6 4. g3 Bb4+ 5. Bd2 Bd6 6. Nc3 c6 7. Qc2 O-O 8. e4 dxe4 9. Nxe4 Nxe4 10. Qxe4 Nd7 11. Bd3 Nf6 12. Qh4 Be7 13. Bg5 g6 14. O-O-O Re8 15. Ne5 Nh5 16. Bxe7 Qxe7 17. Qxe7 Rxe7 18. c5 Nf6 19. Rhe1 Nd5 20. Be4 Kg7 21. Nc4 Bd7 22. a3 f6 23. f4 Rb8 24. Bxd5 cxd5 25. Nd6 Bc6 26. f5 e5 27. b4 a6 28. Kb2 b6 29. Kc3 bxc5 30. bxc5 e4 31. Rb1 Rxb1 32. Rxb1 e3 33. Kd3 Ba4 34. Ke2 Bc2 35. Rb6 gxf5 36. c6 Kg6 37. Rb7 Re6 38. c7 Bd3+ 39. Ke1 1-0


[Site "https://www.chess.com"]

[Event "Titled Tuesday Blitz March 07 Early 2023"]
[White "Sadubayev, Airat"]
[Black "Vifleemskaia, Svetlana"]
[WhiteFideId "13713264"]
[BlackFideId "4129490"]
[WhiteElo "2129"]
[BlackElo "1930"]
[Result "0-1"]
[Round "08"]
[TimeControl "180+2"]
[Date "2023.03.07"]
[WhiteClock "0:00:14"]
[BlackClock "0:00:33"]

1. d4 Nf6 2. c4 e6 3. Nf3 Bb4+ 4. Bd2 Qe7 5. g3 Nc6 6. Bg2 O-O 7. O-O Bxd2 8. Qxd2 d6 9. Nc3 e5 10. dxe5 dxe5 11. Nd5 Qd6 12. Rad1 Bg4 13. Qg5 Bxf3 14. Bxf3 Nd4 15. c5 Nxf3+ 16. exf3 Qxd5 17. Rxd5 Nxd5 18. Qxe5 c6 19. f4 Rfe8 20. Qd4 Rad8 21. Qc4 Nf6 22. b4 Rd2 23. a4 Ree2 24. b5 Ne4 25. bxc6 bxc6 26. Qa6 g6 27. Qxc6 Nxf2 28. Qc8+ Kg7 29. Rxf2 Rxf2 30. Qc6 Rfe2 31. Qb5 Re1+ 32. Qf1 Rxf1+ 33. Kxf1 Rc2 0-1


[Site "https://www.chess.com"]

[Event "Titled Tuesday Blitz March 07 Early 2023"]
[White "Belov, Alexei"]
[Black "Fernandez Siles, Luis"]
[WhiteFideId "4128206"]
[BlackFideId "2209420"]
[WhiteElo "2551"]
[BlackElo "2186"]
[Result "1-0"]
[Round "08"]
[TimeControl "180+2"]
[Date "2023.03.07"]
[WhiteClock "0:00:58"]
[BlackClock "0:00:24"]

1. e4 c5 2. Nf3 Nc6 3. d4 cxd4 4. Nxd4 Nf6 5. Nc3 e5 6. Ndb5 d6 7. Bg5 a6 8. Na3 b5 9. Nd5 Be7 10. Bxf6 Bxf6 11. c3 O-O 12. Nc2 Rb8 13. h4 Be7 14. g3 Be6 15. Nce3 Qd7 16. Bg2 Bd8 17. O-O Ne7 18. Nxe7+ Qxe7 19. Nd5 Qb7 20. Ne3 Bc7 21. b4 Qc6 22. Qd2 Rfd8 23. a3 Bb6 24. Rac1 Rbc8 25. Rfd1 Bb3 26. Re1 Be6 27. Kh2 Rd7 28. Nd5 Bxd5 29. exd5 Qc4 30. Bh3 Rdd8 31. Bxc8 Rxc8 32. Qe2 Qxd5 33. Red1 Qe6 34. Qd2 Rd8 35. Rc2 Qf5 36. Qe2 d5 37. Rcd2 e4 38. a4 Bc7 39. axb5 axb5 40. Qxb5 Qh5 41. Rxd5 Qxh4+ 42. Kg2 Qf6 43. Rxd8+ 1-0


[Site "https://www.chess.com"]

[Event "Titled Tuesday Blitz March 07 Early 2023"]
[White "Rodchenkov, Sergey D."]
[Black "Kostiukov, Alexandr"]
[WhiteFideId "4168712"]
[BlackFideId "14108100"]
[WhiteElo "2277"]
[BlackElo "2202"]
[Result "0-1"]
[Round "08"]
[TimeControl "180+2"]
[Date "2023.03.07"]
[WhiteClock "0:00:10"]
[BlackClock "0:00:08"]

1. e4 c5 2. Nf3 g6 3. d4 cxd4 4. Nxd4 Bg7 5. c4 Nc6 6. Be3 Nf6 7. Nc3 O-O 8. Be2 Nxd4 9. Bxd4 Qa5 10. O-O d6 11. Rc1 Be6 12. f3 Rfc8 13. b4 Qd8 14. Nd5 Bxd5 15. exd5 a5 16. c5 dxc5 17. Bxf6 Bxf6 18. bxc5 Rxc5 19. Qb3 Qxd5 20. Bc4 Qd4+ 21. Kh1 e6 22. Rfd1 Qb2 23. Qd3 Rac8 24. Rc2 Qb4 25. Rdc1 Bg5 26. a3 Qb6 27. f4 Bxf4 28. Rf1 g5 29. g3 Qc6+ 30. Qf3 Rxc4 31. Rxc4 Qxf3+ 32. Rxf3 Rxc4 33. gxf4 Rxf4 34. Rb3 Ra4 35. Kg2 Kg7 36. Rxb7 Rxa3 37. Rb5 Kg6 38. h3 h5 39. Rb8 h4 40. Rg8+ Kf6 41. Rh8 Kf5 42. Rh5 f6 43. Rh6 Ra1 44. Rh7 a4 45. Rb7 a3 46. Rb5+ e5 47. Rb1 Rxb1 0-1


[Site "https://www.chess.com"]